 Dungeon Crawl Stone Soup version 0.21.1-1-g345015f (webtiles) character file.

1070 lyrx the Destroyer (level 8, -4/52 HPs)
             Began as a Demonspawn Conjurer on Apr 5, 2018.
             Was an Initiate of Vehumet.
             Slain by a worker ant (6 damage)
             ... on level 5 of the Dungeon on Apr 6, 2018.
             The game lasted 00:32:56 (5697 turns).

lyrx the Destroyer (Demonspawn Conjurer)            Turns: 5697, Time: 00:32:57

Health: -4/52      AC: 11    Str:  8    XL:     8   Next: 7%
Magic:  11/13      EV: 12    Int: 20    God:    Vehumet [......]
Gold:   208        SH:  0    Dex: 13    Spells: 6/13 levels left

rFire    . . .     SeeInvis .   l - +1 mace
rCold    . . .     Gourm    .   (no shield)
rNeg     . . .     Faith    .   u - +3 steam dragon scales
rPois    .         Spirit   .   (no helmet)
rElec    .         Reflect  .   (no cloak)
rCorr    .         Harm     .   t - +1 pair of gloves
MR       .....                  f - +0 pair of boots
Stlth    ++........             (no amulet)
HPRegen  0.17/turn              (no ring)
MPRegen  0.13/turn              (no ring)

@: no status effects
A: claws 1, talons 1, powered by death 1
a: Renounce Religion


You were on level 5 of the Dungeon.
You worshipped Vehumet.
Vehumet was noncommittal.
You were not hungry.

You visited 2 branches of the dungeon, and saw 6 of its levels.

You collected 208 gold pieces.

Inventory:

Hand Weapons
 j - a +0 hunting sling
 l - a +1 mace (weapon)
Missiles
 h - 20 poisoned needles
Armour
 a - a +0 robe
 f - a +0 pair of boots (worn)
 n - a +2 large shield
 t - a +1 pair of gloves (worn)
 u - +3 steam dragon scales (worn)
Scrolls
 d - a scroll of fear {unknown}
 e - a scroll of random uselessness {unknown}
 i - 3 scrolls of remove curse
 m - a scroll of identify
 o - 2 scrolls of enchant weapon
 p - 2 scrolls of amnesia
 q - 2 scrolls of teleportation
 x - a scroll of noise {unknown}
Potions
 g - 2 potions of might
 k - 3 potions of curing
 r - a potion of mutation {unknown}
 z - a potion of magic {unknown}
Books
 b - a book of Conjurations

   Spells                             Type                      Level
   a - Magic Dart                     Conjuration                  1
   b - Searing Ray                    Conjuration                  2
   c - Dazzling Spray                 Conjuration/Hexes            3
   d - Fulminant Prism                Conjuration/Hexes            4
   e - Force Lance                    Conjuration/Translocation    4
   f - Iskenderun's Mystic Blast      Conjuration                  4
Comestibles
 c - 3 rations


   Skills:
 - Level 2.0 Dodging
 - Level 2.0 Stealth
 * Level 2.1 Shields
 + Level 3.4 Spellcasting
 * Level 9.3 Conjurations


You had 6 spell levels left.
You knew the following spells:

 Your Spells              Type           Power        Failure   Level  Hunger
a - Magic Dart            Conj           ####         1%          1    None
b - Searing Ray           Conj           #####.       1%          2    ##.....
c - Iskenderun's Mystic   Conj           #####...     3%          4    ####...


Dungeon Overview and Level Annotations

Branches:
Dungeon (5/15)             Temple (1/1) D:4

Altars:
Dithmenos
Gozag
Hepliaklqana
Makhleb
Qazlal
Ru
Sif Muna
Trog
Uskayaw
Vehumet
Wu Jian
Xom
Yredelemnul
Zin
The Shining One


Innate Abilities, Weirdness & Mutations

You have sharp fingernails.
You have sharp toenails.
You regenerate a little health from kills.


Message History

You barely miss the ogre.
The ogre is almost dead.
The ogre closely misses you.
The worker ant bites you but does no damage.
The ogre barely misses you.
You closely miss the ogre.
The ogre is almost dead.
The worker ant bites you but does no damage. x2
The ogre hits you with a giant club!
* * * LOW HITPOINT WARNING * * *
You sock the ogre!
You kill the ogre!
Vehumet accepts your kill.
You have reached level 8!
You feel clever.
The worker ant bites you but does no damage.
The worker ant bites you.
* * * LOW HITPOINT WARNING * * *
You closely miss the worker ant. The worker ant bites you.
You die...

.........................
...#############.####.##.
.....).# #<# # .......#
#.####+##.## .......#
#######.........(.
...#####
......#..........o ####
........$.........
..............$...
.....$a@..........
......)..#########
.........# .........#
.........# .........#
....###### ....


You could see a worker ant.

Vanquished Creatures
  Grinder (D:4)
  A steam dragon (D:4)
  The ghost of Mirai the Magician, an amateur DECj (D:4)
  3 ogres
  A scorpion (D:4)
  The ghost of dalore the Cudgeler, a weakling MiBe of Trog (D:3)
  A quasit (D:5)
  An orc priest (D:5)
  2 orc wizards
  A hound skeleton (D:4)
  7 adders
  3 worms
  2 dart slugs (D:2)
  6 leopard geckos
  20 orcs
  6 giant cockroaches
  5 goblins
  5 hobgoblins
  5 kobolds
  2 quokkas
  2 ball pythons
  4 bats
  3 frilled lizards
  A leopard gecko skeleton (D:4)
  9 rats
93 creatures vanquished.

Notes
Turn   | Place    | Note
-------+----------+-------------------------------------------
     0 | D:1      | lyrx the Demonspawn Conjurer began the quest for the Orb.
     0 | D:1      | Reached XP level 1. HP: 13/13 MP: 3/3
   615 | D:1      | Gained mutation: You have sharp fingernails. [demonic ancestry]
   615 | D:1      | Reached XP level 2. HP: 18/19 MP: 1/5
   655 | D:1      | Learned a level 2 spell: Searing Ray
   888 | D:2      | Reached skill level 5 in Conjurations
   888 | D:2      | Reached XP level 3. HP: 13/24 MP: 0/6
  1114 | D:2      | Found a deep blue altar of Sif Muna.
  1294 | D:2      | Found a shadowy altar of Dithmenos.
  1676 | D:3      | Reached XP level 4. HP: 30/30 MP: 1/7
  1938 | D:3      | Reached skill level 6 in Conjurations
  2100 | D:3      | Noticed dalore's ghost (weakling MiBe)
  2181 | D:3      | Killed dalore's ghost
  2181 | D:3      | Gained mutation: You regenerate a little health from kills. [demonic ancestry]
  2181 | D:3      | Reached XP level 5. HP: 34/35 MP: 3/8
  2742 | D:3      | Reached skill level 7 in Conjurations
  3617 | D:4      | Noticed Mirai's ghost (amateur DECj)
  3668 | D:4      | Noticed an ogre
  3715 | D:4      | Killed an ogre
  3715 | D:4      | Reached XP level 6. HP: 17/41 MP: 1/9
  4014 | D:4      | Noticed Grinder
  4030 | D:4      | Paralysed by Grinder for 3 turns
  4175 | D:4      | Learned a level 4 spell: Iskenderun's Mystic Blast
  4184 | D:4      | Killed Grinder
  4184 | D:4      | Reached skill level 1 in Shields
  4184 | D:4      | Reached skill level 8 in Conjurations
  4184 | D:4      | Gained mutation: You have sharp toenails. [demonic ancestry]
  4184 | D:4      | Reached XP level 7. HP: 46/46 MP: 1/10
  4387 | D:4      | Noticed a steam dragon
  4398 | D:4      | Killed a steam dragon
  4839 | D:4      | Found a staircase to the Ecumenical Temple.
  4905 | D:4      | Killed Mirai's ghost
  4930 | Temple   | Entered the Ecumenical Temple
  5133 | Temple   | Became a worshipper of Vehumet
  5181 | D:5      | Entered Level 5 of the Dungeon
  5257 | D:5      | Reached skill level 9 in Conjurations
  5696 | D:5      | Reached XP level 8. HP: 3/52 MP: 11/13
  5696 | D:5      | HP: 2/52 [worker ant (1)]
  5697 | D:5      | Slain by a worker ant

Skill      XL: |  1  2  3  4  5  6  7 |
---------------+----------------------+-----
Conjurations   | 5 6 7 8 9 |  9.3
Dodging        | 2 |  2.0
Stealth        | 2 |  2.0
Shields        | 1 2 |  2.1
Spellcasting   | 3 |  3.4

Action                   |  1- 3 |  4- 6 |  7- 9 || total
-------------------------+-------+-------+-------++-------
Melee: Whip              |     8 |       |       ||     8
       Mace              |    16 |    25 |    61 ||   102
 Cast: Magic Dart        |    58 |    69 |    19 ||   146
       Searing Ray       |     4 |    15 |     5 ||    24
       Iskenderun's Myst |       |       |     2 ||     2
  Use: Potion            |       |     4 |     2 ||     6
       Scroll            |       |       |    10 ||    10
 Stab: Sleeping          |     1 |       |       ||     1
  Eat: Chunk             |     3 |     9 |       ||    12
       Ration            |       |     1 |     1 ||     2
Armor: Robe              |     7 |    18 |       ||    25
       Steam dragon scal |       |       |    33 ||    33
Dodge: Dodged            |    32 |    28 |    61 ||   121
